Match 41613779
Unlisted

Match 41613779
End
Construct Barracks
Riflemen Squad
Riflemen Squad
Selects Heavy Weapons
Construct Weapon Support Center
M1919 Machine Gun Team
M1919 Machine Gun Team
Infantry Support Center
Selects M2HB .50cal Heavy Machine Gun
Construct Motor Pool
M8 Greyhound Armored Car
M1918 Browning Automatic Rifles
Riflemen Squad
Engineer Squad
Selects Assault Carriers
Selects Halftrack Strongpoints
Construct Tank Depot
M1 Anti-tank Gun Team
M18 Hellcat Tank Destroyer
Selects M26 Pershing Heavy Tank
M26 Pershing Heavy Tank
Advanced Logistics
Engineer Squad
Grenade Package
Riflemen Squad
Riflemen Squad
Survival Training
RUKAclDCッ
andcrew
KevinTDW
iceday
0
0

Comments sign in to comment!

No comments posted yet!